 Dungeon Crawl Stone Soup version 0.18-a0-659-gb9673d2 (webtiles) character file.

16 dohliylev the Caller (level 2, -1/15 HPs)
             Began as a Deep Elf Summoner on Dec 5, 2015.
             Slain by a hobgoblin
             ... wielding a +0 club
              (4 damage)
             ... on level 1 of the Dungeon.
             The game lasted 00:03:22 (801 turns).

dohliylev the Caller (Deep Elf Summoner)             Turns: 801, Time: 00:03:22

Health: -1/15      AC:  7    Str:  5    XL:     2   Next: 37%
Magic:  8/8        EV: 13    Int: 19    God:
Gold:   81         SH:  0    Dex: 15    Spells: 1 memorised, 6 levels left

rFire  . . .     SeeInvis .     k - +1 dagger (protect)
rCold  . . .     Clarity  .     a - +0 robe
rNeg   . . .     SustAt   .     (no shield)
rPois  .         Gourm    .     (no helmet)
rElec  .         Spirit   .     (no cloak)
rCorr  .         Dismiss  .     (no gloves)
rMut   .         Stasis   .     (no boots)
MR     .....                    (no amulet)
Stlth  ++........               (no ring)
                                (no ring)

@: not resistant to hostile enchantments, unstealthy
A: no striking features
a: no special abilities


You were on level 1 of the Dungeon.
You were not hungry.

You visited 1 branch of the dungeon, and saw 1 of its levels.

You collected 81 gold pieces.

Inventory:

Hand Weapons
 k - a +1 dagger of protection (weapon)
Armour
 a - a +0 robe (worn)
 f - a +0 pair of gloves
Jewellery
 e - a cursed ring of teleportation {unknown}
 l - an uncursed ring of protection from magic {unknown}
Scrolls
 g - 2 scrolls of recharging {unknown}
 j - a scroll of identify {unknown}
 n - a scroll of remove curse {unknown}
 o - a scroll of enchant weapon {unknown}
Potions
 d - a potion of degeneration {unknown}
 h - a potion of curing {unknown}
 i - a potion of mutation {unknown}
 m - a potion of heal wounds {unknown}
Books
 b - a book of Callings

   Spells                             Type                      Level
   a - Summon Small Mammal            Summoning                    1
   b - Call Imp                       Summoning                    2
   c - Call Canine Familiar           Summoning                    3
   d - Summon Guardian Golem          Hexes/Summoning              3
   e - Summon Lightning Spire         Summoning/Air                4
   f - Summon Ice Beast               Ice/Summoning                4
Comestibles
 c - a bread ration


   Skills:
 + Level 2.7 Dodging
 + Level 2.5 Stealth
 + Level 3.3 Spellcasting
 + Level 4.8 Summonings


You had 6 spell levels left.
You knew the following spells:

 Your Spells              Type           Power        Failure   Level  Hunger
a - Summon Small Mammal   Summ           ###.         1%          1    None


Dungeon Overview and Level Annotations

Branches:
Dungeon (1/15)

Altars:


Message History

The hobgoblin hits you with a club. The hobgoblin hits you with a club.
* * * LOW HITPOINT WARNING * * *
The hobgoblin hits you with a club.
* * * LOW HITPOINT WARNING * * *
The hobgoblin closely misses you. The hobgoblin closely misses you.
The hobgoblin barely misses you. The hobgoblin hits you with a club.
* * * LOW HITPOINT WARNING * * *
The hobgoblin closely misses you.
The hobgoblin hits you but does no damage.
The hobgoblin barely misses you. The hobgoblin barely misses you.
The hobgoblin hits you but does no damage.
The hobgoblin barely misses you. The hobgoblin misses you.
The hobgoblin hits you but does no damage.
The hobgoblin hits you with a club.
You die...

##.##.#.#...#.....#.....# #
#...#.>...###.###.###...# #
#...'.....#...# #...#...# #
#...###...###.###.###..## #####
#...# #.#...#.....#...## #....
#...# #.#.#.###.###...# #....
#...# #.......#.#.....# #(...
#...# #.#.###.#.#.###.# #....
#...# #.#.##.g@....##.# #....
#...# #.#.##(###...##.# #....
#...# #.#.....###).##.# #####
###...###.......# #..##.# #
#.........#.....####.##.#########
#.#######.#.#......#..#.##.......
#.# #.#.#.#....#...(......... #.#
#.#.#.#....#...(......... #.#
#.#.#.#....##.(.#........


You could see a hobgoblin.

Vanquished Creatures
  2 hobgoblins (D:1)
  4 kobolds (D:1)
  A bat (D:1)
  A goblin (D:1)
8 creatures vanquished.

Vanquished Creatures (collateral kills)
  A giant gecko (D:1)
  3 jackals (D:1)
  A kobold (D:1)
  A ball python (D:1)
  2 giant newts (D:1)
  2 goblins (D:1)
10 creatures vanquished.

Grand Total: 18 creatures vanquished

Notes
Turn   | Place    | Note
--------------------------------------------------------------
     0 | D:1      | dohliylev the Deep Elf Summoner began the quest for the Orb.
     0 | D:1      | Reached XP level 1. HP: 10/10 MP: 6/6
   389 | D:1      | Reached XP level 2. HP: 13/15 MP: 8/8
   801 | D:1      | Slain by a hobgoblin

Vault maps used:
D:1:      dpeg_arrival_rhombi, fountainhead, minmay_quantized

Action                   || total
-------------------------++-------
Melee: Unarmed           ||    18
       Dagger            ||    18
 Cast: Summon Small Mamm ||    17
 Stab: Sleeping          ||     4
